AoeStats
← Redmidlum

Socotra

504745480Analyzed
2v2 RM · 26d ago on Sep 6, 2026· 33m 5s· 4 players
Game mode
Random Map
Map size
Tiny (2 player)
Population
200
Speed
Normal
Resources
Standard
Victory
Conquest
Starting age
Dark Age
Ending age
Imperial Age
RankedLock teamsTeams togetherTeam positionsShared explorationLock speedFull tech treeHidden civsTurbo modeCheats
Victory
Defeat
🇳🇱 Shu · Netherlands
1006
+9
🇳🇱 Romans · Netherlands
798
+29
🇬🇧 Cumans · United Kingdom
826
-13
🇸🇰 Armenians · Slovakia
826
-13
MYTH_0503
0:28 Loom
13:06 Feudal Age
14:33 Double-Bit Axe
14:32 Horse Collar
18:10 Wheelbarrow
22:14 Fletching
23:54 Padded Archer Armor
28:16 Castle Age
26:22 Gold Mining
29:28 Scale Barding Armor
29:34 Forging
Redmidlum
0:27 Loom
12:53 Feudal Age
18:24 Man-at-Arms
34:59 Castle Age
EvilPimp
2:22 Loom
11:54 Feudal Age
14:18 Double-Bit Axe
15:45 Town Watch
17:17 Fletching
21:15 Horse Collar
26:31 Castle Age
27:21 Bodkin Arrow
27:48 Thumb Ring
28:15 Padded Archer Armor
28:03 Crossbowman
29:27 Leather Archer Armor
29:24 Scale Barding Armor
29:59 Light Cavalry
32:24 Husbandry
33:37 Wheelbarrow
veer
10:54 Feudal Age
11:55 Double-Bit Axe
12:17 Man-at-Arms
17:49 Town Watch
18:31 Scale Mail Armor
18:42 Forging
19:50 Gold Mining
20:51 Stone Mining
27:20 Castle Age
28:58 Long Swordsman
30:28 Pikeman
30:35 Pikeman
Connection lost

Rejoining the realm…

Still unreachable

The connection could not be restored.

Session expired

The server has moved on; the page needs a fresh start.